| TOP OF THE 1ST |
|
Brockton Rox batting - Pitching for Trois-Riveres Aigles : RHP Eddie Aguirre
|
|
Pitching: RHP Eddie Aguirre
|
|
|
Batting: RHB Sal Rivera
|
0-0: TRIPLE (Flyball, 89XD, EV 95.6 MPH)
|
|
Batting: LHB John Buff
|
0-0: Called Strike 0-1: Foul Ball, location: 2F 0-2: Foul Ball, location: 2F 0-2: Foul Ball, location: 2F 0-2: Foul Ball, location: 2F 0-2: Strikes out swinging
|
|
Batting: RHB Ted Emmerich
|
0-0: Called Strike 0-1: Called Strike 0-2: Ball 1-2: Foul Ball, location: 2F 1-2: Strikes out looking
|
|
Batting: LHB Carlos Guerra
|
0-0: SINGLE (Line Drive, 89S, EV 93.8 MPH) Sal Rivera scores
|
|
Batting: LHB Danny Montoya
|
0-0: Ball 1-0: Called Strike 1-1: Foul Ball, location: 2F 1-2: Ball 2-2: Ball 3-2: Strikes out swinging
|
| Top of the 1st over - 1 run, 2 hits, 0 errors, 1 left on base; Brockton 1 - Trois-Riveres 0 |
| BOTTOM OF THE 1ST |
|
Trois-Riveres Aigles batting - Pitching for Brockton Rox : RHP Lukasha Sheigus
|
|
Pitching: RHP Lukasha Sheigus
|
|
|
Batting: LHB Jonathan Spino
|
0-0: SINGLE (Groundball, 4MD, EV 94.4 MPH)
|
|
Batting: LHB Harris Vink
|
0-0: Ball 1-0: Ball 2-0: Ball 3-0: Called Strike 3-1: Base on Balls Jonathan Spino to second
|
|
Batting: RHB Jose Arriola
|
0-0: Single, Error in OF, E8, batter to second base (Line Drive, 4MD, EV 95.0 MPH) Jonathan Spino scores Harris Vink to third
|
|
Batting: LHB Darryl Gonnella
|
0-0: DOUBLE (Line Drive, 9LM, EV 110.0 MPH) Harris Vink scores Jose Arriola scores
|
|
Batting: RHB John Downing
|
0-0: Called Strike 0-1: Ball 1-1: Ball Darryl Gonnella steals 3rd base Balk! Darryl Gonnella scores 2-1: Called Strike 2-2: Ball 3-2: SINGLE (Line Drive, 9S, EV 99.4 MPH)
|
|
Batting: SHB Joshua Jackson
|
0-0: Foul Ball, location: 2F 0-1: Foul Ball, location: 2F 0-2: Ball 1-2: Strikes out looking
|
|
Batting: RHB Nelle Lommen
|
0-0: Called Strike 0-1: Ball 1-1: Foul Ball, location: 2F 1-2: Ball 2-2: Foul Ball, location: 2F 2-2: SINGLE (Groundball, 25, EV 68.1 MPH) (infield hit) John Downing to second
|
|
Batting: RHB Dave Galloway
|
0-0: Called Strike 0-1: Ball 1-1: Ground out 6-3 (Groundball, 6S, EV 67.5 MPH) John Downing to third Nelle Lommen to second
|
|
Batting: RHB Josh Harmon
|
0-0: Ground out U3 (Groundball, 3, EV 85.0 MPH)
|
| Bottom of the 1st over - 4 runs, 5 hits, 1 error, 2 left on base; Brockton 1 - Trois-Riveres 4 |
| TOP OF THE 2ND |
|
Brockton Rox batting - Pitching for Trois-Riveres Aigles : RHP Eddie Aguirre
|
|
Batting: RHB Jim Hubbard
|
0-0: Called Strike 0-1: Ball 1-1: Ball 2-1: Ball 3-1: Called Strike 3-2: Foul Ball, location: 2F 3-2: Fly out, F8 (Flyball, 8RM, EV 84.4 MPH)
|
|
Batting: RHB Alex Melendez
|
0-0: Called Strike 0-1: Swinging Strike 0-2: Ground out 6-3 (Groundball, 6, EV 86.3 MPH)
|
|
Batting: LHB Aaron Brannon
|
0-0: SINGLE (Groundball, 34, EV 106.3 MPH)
|
|
Batting: RHB Travis Campbell
|
0-0: Ball Aaron Brannon steals 2nd base 1-0: Foul Ball, location: 2F 1-1: Foul Ball, location: 2F 1-2: Ball 2-2: Strikes out swinging
|
| Top of the 2nd over - 0 runs, 1 hit, 0 errors, 1 left on base; Brockton 1 - Trois-Riveres 4 |
| BOTTOM OF THE 2ND |
|
Trois-Riveres Aigles batting - Pitching for Brockton Rox : RHP Lukasha Sheigus
|
|
Batting: LHB Jonathan Spino
|
0-0: Ball 1-0: Fly out, F8 (Flyball, 8RD, EV 92.5 MPH)
|
|
Batting: LHB Harris Vink
|
0-0: Single, Error in OF, E8, batter to second base (Line Drive, 8LS, EV 107.5 MPH)
|
|
Batting: RHB Jose Arriola
|
0-0: Ball 1-0: Foul Ball, location: 2F 1-1: Called Strike 1-2: Strikes out swinging
|
|
Batting: LHB Darryl Gonnella
|
0-0: Foul Ball, location: 2F 0-1: SINGLE (Groundball, 6D, EV 102.5 MPH) Harris Vink to third Runner from 3rd tries for Home, SAFE, throw by LF to home
|
|
Batting: RHB John Downing
|
0-0: Called Strike 0-1: Ball 1-1: Ball Darryl Gonnella steals 2nd base 2-1: Ground out 6-3 (Groundball, 6, EV 89.4 MPH)
|
| Bottom of the 2nd over - 1 run, 2 hits, 1 error, 1 left on base; Brockton 1 - Trois-Riveres 5 |
| TOP OF THE 3RD |
|
Brockton Rox batting - Pitching for Trois-Riveres Aigles : RHP Eddie Aguirre
|
|
Batting: RHB Sal Rivera
|
0-0: Called Strike 0-1: Foul Ball, location: 2F 0-2: Ball 1-2: Foul Ball, location: 2F 1-2: Ball 2-2: Ball 3-2: Fly out, F8 (Flyball, 8LM, EV 85.0 MPH)
|
|
Batting: LHB John Buff
|
0-0: SINGLE (Line Drive, 78S, EV 91.9 MPH)
|
|
Batting: RHB Ted Emmerich
|
0-0: Called Strike 0-1: Ball John Buff steals 2nd base 1-1: Swinging Strike 1-2: Ball 2-2: Ball 3-2: Fly out, F7 (Flyball, 7, EV 88.8 MPH)
|
|
Batting: LHB Carlos Guerra
|
0-0: Ball 1-0: Ball 2-0: Foul Ball, location: 2F 2-1: Swinging Strike 2-2: Foul Ball, location: 2F 2-2: Foul Ball, location: 2F 2-2: Ball 3-2: Foul Ball, location: 2F 3-2: Base on Balls
|
|
Batting: LHB Danny Montoya
|
0-0: Fly out, F7 (Flyball, 78D, EV 101.9 MPH)
|
| Top of the 3rd over - 0 runs, 1 hit, 0 errors, 2 left on base; Brockton 1 - Trois-Riveres 5 |
| BOTTOM OF THE 3RD |
|
Trois-Riveres Aigles batting - Pitching for Brockton Rox : RHP Lukasha Sheigus
|
|
Batting: SHB Joshua Jackson
|
0-0: Ball 1-0: Ground out 4-3 (Groundball, 4, EV 108.1 MPH)
|
|
Batting: RHB Nelle Lommen
|
0-0: Ball 1-0: Ball 2-0: Ground out U3 (Groundball, 34, EV 103.8 MPH)
|
|
Batting: RHB Dave Galloway
|
0-0: Called Strike 0-1: Called Strike 0-2: Foul Ball, location: 2F 0-2: Ball 1-2: Foul Ball, location: 2F 1-2: Strikes out swinging
|
| Bottom of the 3rd over - 0 runs, 0 hits, 0 errors, 0 left on base; Brockton 1 - Trois-Riveres 5 |
| TOP OF THE 4TH |
|
Brockton Rox batting - Pitching for Trois-Riveres Aigles : RHP Eddie Aguirre
|
|
Batting: RHB Jim Hubbard
|
0-0: Swinging Strike 0-1: Called Strike 0-2: Foul Ball, location: 2F 0-2: Ball 1-2: DOUBLE (Line Drive, 89M, EV 107.5 MPH)
|
|
Batting: RHB Alex Melendez
|
0-0: Foul Ball, location: 2F 0-1: Called Strike 0-2: Strikes out looking
|
|
Batting: LHB Aaron Brannon
|
0-0: Foul Ball, location: 2F 0-1: SINGLE (Line Drive, 9S, EV 86.9 MPH) Jim Hubbard to third Runner from 3rd tries for Home, throw by RF and OUT! 9-2
|
|
Batting: RHB Travis Campbell
|
0-0: Called Strike 0-1: Foul Ball, location: 2F 0-2: Foul Ball, location: 2F 0-2: Ground out 4-3 (Groundball, 4M, EV 81.3 MPH)
|
| Top of the 4th over - 0 runs, 2 hits, 0 errors, 1 left on base; Brockton 1 - Trois-Riveres 5 |
| BOTTOM OF THE 4TH |
|
Trois-Riveres Aigles batting - Pitching for Brockton Rox : RHP Lukasha Sheigus
|
|
Batting: RHB Josh Harmon
|
0-0: Foul Ball, location: 2F 0-1: Fly out, F4 (Popup, 23, EV 87.5 MPH)
|
|
Batting: LHB Jonathan Spino
|
0-0: Foul Ball, location: 2F 0-1: Ball 1-1: Called Strike 1-2: Ball 2-2: Foul Ball, location: 2F 2-2: Ball 3-2: Foul Ball, location: 2F 3-2: Base on Balls
|
|
Batting: LHB Harris Vink
|
0-0: Ball 1-0: Swinging Strike 1-1: Swinging Strike 1-2: Foul Ball, location: 2F 1-2: Strikes out swinging
|
|
Batting: RHB Jose Arriola
|
0-0: Swinging Strike 0-1: SINGLE (Groundball, 6MS, EV 72.5 MPH) (infield hit) Jonathan Spino to second
|
|
Batting: LHB Darryl Gonnella
|
0-0: Called Strike 0-1: SINGLE (Flyball, 6D, EV 92.5 MPH) Jonathan Spino to third Jose Arriola to second Runner from 3rd tries for Home, SAFE, throw by CF to home
|
|
Pitching: RHP Danny Marquez
|
|
|
Batting: RHB John Downing
|
0-0: Ball 1-0: Fielders Choice at 2nd, 5-4 (Groundball, 5, EV 86.3 MPH)
|
| Bottom of the 4th over - 1 run, 2 hits, 0 errors, 2 left on base; Brockton 1 - Trois-Riveres 6 |
| TOP OF THE 5TH |
|
Brockton Rox batting - Pitching for Trois-Riveres Aigles : RHP Eddie Aguirre
|
|
Batting: RHB Sal Rivera
|
0-0: Called Strike 0-1: Ball 1-1: Ball 2-1: Foul Ball, location: 2F 2-2: Strikes out looking
|
|
Batting: LHB John Buff
|
0-0: Foul Ball, location: 2F 0-1: Fly out, F5 (Flyball, 5D, EV 89.4 MPH)
|
|
Batting: RHB Ted Emmerich
|
0-0: Ball 1-0: Ground out 4-3 (Groundball, 4, EV 100.6 MPH)
|
| Top of the 5th over - 0 runs, 0 hits, 0 errors, 0 left on base; Brockton 1 - Trois-Riveres 6 |
| BOTTOM OF THE 5TH |
|
Trois-Riveres Aigles batting - Pitching for Brockton Rox : RHP Danny Marquez
|
|
Batting: SHB Joshua Jackson
|
0-0: Ball 1-0: Called Strike 1-1: Ball 2-1: Fly out, F8 (Flyball, 89D, EV 93.1 MPH)
|
|
Batting: RHB Nelle Lommen
|
0-0: Ball 1-0: Ball 2-0: Called Strike 2-1: Foul Ball, location: 2F 2-2: Hit by Pitch
|
|
Batting: RHB Dave Galloway
|
0-0: Called Strike 0-1: Foul Ball, location: 2F 0-2: Ball 1-2: Ball 2-2: Ball 3-2: Strikes out looking Nelle Lommen is caught stealing 2nd base 2-4 Batter strikes out.
|
| Bottom of the 5th over - 0 runs, 0 hits, 0 errors, 0 left on base; Brockton 1 - Trois-Riveres 6 |
| TOP OF THE 6TH |
|
Brockton Rox batting - Pitching for Trois-Riveres Aigles : RHP Eddie Aguirre
|
|
Batting: LHB Carlos Guerra
|
0-0: Ball 1-0: Foul Ball, location: 2F 1-1: Called Strike 1-2: Ball 2-2: Ball 3-2: Base on Balls
|
|
Pitching: LHP Dean Byrne
|
|
|
Batting: LHB Danny Montoya
|
0-0: Foul Ball, location: 2F 0-1: Foul Ball, location: 2F 0-2: Ball 1-2: Foul Ball, location: 2F 1-2: Grounds into double play, 4-6-3 (Groundball, 34D, EV 89.4 MPH)
|
|
Batting: RHB Jim Hubbard
|
0-0: Called Strike 0-1: Fly out, F6 (Popup, 6, EV 70.0 MPH)
|
| Top of the 6th over - 0 runs, 0 hits, 0 errors, 0 left on base; Brockton 1 - Trois-Riveres 6 |
| BOTTOM OF THE 6TH |
|
Trois-Riveres Aigles batting - Pitching for Brockton Rox : RHP Danny Marquez
|
|
Batting: RHB Josh Harmon
|
0-0: Called Strike 0-1: Swinging Strike 0-2: Strikes out swinging
|
|
Batting: LHB Jonathan Spino
|
0-0: Ball 1-0: Called Strike 1-1: Called Strike 1-2: Strikes out swinging
|
|
Batting: LHB Harris Vink
|
0-0: Foul Ball, location: 2F 0-1: Swinging Strike 0-2: Ball 1-2: DOUBLE (Groundball, 3L, EV 104.4 MPH)
|
|
Batting: RHB Jose Arriola
|
0-0: Foul Ball, location: 2F 0-1: Swinging Strike 0-2: Ball 1-2: Foul Ball, location: 2F 1-2: Strikes out swinging
|
| Bottom of the 6th over - 0 runs, 1 hit, 0 errors, 1 left on base; Brockton 1 - Trois-Riveres 6 |
| TOP OF THE 7TH |
|
Brockton Rox batting - Pitching for Trois-Riveres Aigles : LHP Dean Byrne
|
|
Batting: RHB Alex Melendez
|
0-0: Ball 1-0: SINGLE (Groundball, 5D, EV 97.5 MPH)
|
|
Batting: LHB Aaron Brannon
|
0-0: Ball 1-0: Fielders Choice at 2nd, 4-6 (Groundball, 4MS, EV 81.3 MPH)
|
|
Batting: RHB Travis Campbell
|
0-0: Called Strike 0-1: Grounds into double play, 6-4-3 (Groundball, 6S, EV 84.4 MPH)
|
| Top of the 7th over - 0 runs, 1 hit, 0 errors, 0 left on base; Brockton 1 - Trois-Riveres 6 |
| BOTTOM OF THE 7TH |
|
Trois-Riveres Aigles batting - Pitching for Brockton Rox : RHP Danny Marquez
|
|
Batting: LHB Darryl Gonnella
|
0-0: Called Strike 0-1: Ball 1-1: Foul Ball, location: 2F 1-2: Fly out, F9 (Line Drive, 9, EV 93.8 MPH)
|
|
Batting: RHB John Downing
|
0-0: Ball 1-0: Called Strike 1-1: Ball 2-1: Ground out 6-3 (Groundball, 56, EV 88.1 MPH)
|
|
Pitching: RHP Jose Abanto
|
|
|
Batting: SHB Joshua Jackson
|
0-0: Ball 1-0: Foul Ball, location: 2F 1-1: Ball 2-1: Fly out, F8 (Flyball, 8RXD, EV 108.8 MPH)
|
| Bottom of the 7th over - 0 runs, 0 hits, 0 errors, 0 left on base; Brockton 1 - Trois-Riveres 6 |
| TOP OF THE 8TH |
|
Brockton Rox batting - Pitching for Trois-Riveres Aigles : LHP Dean Byrne
|
|
Batting: RHB Sal Rivera
|
0-0: Ball 1-0: Called Strike 1-1: Ball 2-1: Ball 3-1: Swinging Strike 3-2: Strikes out swinging
|
|
Batting: LHB John Buff
|
0-0: Foul Ball, location: 2F 0-1: Fly out, F7 (Flyball, 7, EV 86.3 MPH)
|
|
Batting: RHB Ted Emmerich
|
0-0: DOUBLE (Line Drive, 5D, EV 109.4 MPH)
|
|
Batting: LHB Carlos Guerra
|
0-0: Called Strike 0-1: Ball 1-1: Ball 2-1: Foul Ball, location: 2F 2-2: Ball 3-2: Foul Ball, location: 2F 3-2: Foul Ball, location: 2F 3-2: Foul Ball, location: 2F 3-2: SINGLE (Line Drive, 56D, EV 98.1 MPH) Ted Emmerich to third Runner from 3rd tries for Home, SAFE, throw by LF to home
|
|
Pitching: LHP Tim Pulliam
|
|
|
Batting: LHB Danny Montoya
|
0-0: Called Strike 0-1: SINGLE (Groundball, 4MD, EV 106.3 MPH) Carlos Guerra to second Runner from 2nd tries for 3rd, SAFE, throw by CF made to third Danny Montoya to second
|
|
Batting: RHB Jim Hubbard
|
0-0: Called Strike 0-1: Ball 1-1: Ball 2-1: Fly out, F9 (Line Drive, 89M, EV 109.4 MPH)
|
| Top of the 8th over - 1 run, 3 hits, 0 errors, 2 left on base; Brockton 2 - Trois-Riveres 6 |
| BOTTOM OF THE 8TH |
|
Trois-Riveres Aigles batting - Pitching for Brockton Rox : RHP Jose Abanto
|
|
Batting: RHB Nelle Lommen
|
0-0: Called Strike 0-1: Called Strike 0-2: Ball 1-2: Strikes out swinging
|
|
Batting: RHB Dave Galloway
|
0-0: Foul Ball, location: 2F 0-1: Swinging Strike 0-2: Foul Ball, location: 2F 0-2: SINGLE (Line Drive, 56D, EV 96.3 MPH)
|
|
Batting: LHB Oscar Curiel
|
0-0: Ball 1-0: Called Strike 1-1: Ball 2-1: Ball 3-1: Fielders Choice at 2nd, 5-4 (Groundball, 56S, EV 79.4 MPH)
|
|
Batting: LHB Jonathan Spino
|
0-0: Called Strike 0-1: Called Strike 0-2: Strikes out swinging
|
| Bottom of the 8th over - 0 runs, 1 hit, 0 errors, 1 left on base; Brockton 2 - Trois-Riveres 6 |
| TOP OF THE 9TH |
|
Brockton Rox batting - Pitching for Trois-Riveres Aigles : LHP Tim Pulliam
|
|
Batting: RHB Alex Melendez
|
0-0: Ball 1-0: Ball 2-0: Ground out 5-3 (Groundball, 56, EV 97.5 MPH)
|
|
Batting: LHB Aaron Brannon
|
0-0: Hit by Pitch
|
|
Batting: RHB Travis Campbell
|
0-0: Called Strike 0-1: Ball 1-1: Ball 2-1: Ball 3-1: Base on Balls Aaron Brannon to second
|
|
Pitching: RHP Ricky Enriquez
|
|
|
Batting: RHB Sal Rivera
|
0-0: Called Strike 0-1: SINGLE (Flyball, 5D, EV 96.3 MPH) Aaron Brannon to third Travis Campbell to second
|
|
Batting: LHB John Buff
|
0-0: Foul Ball, location: 2F 0-1: Ball 1-1: Ball 2-1: Foul Ball, location: 2F 2-2: Strikes out swinging
|
|
Pinch Hitting: LHB Miguel Maymi
|
0-0: Ball 1-0: Ground out 4-3 (Groundball, 34D, EV 108.8 MPH)
|
| Top of the 9th over - 0 runs, 1 hit, 0 errors, 3 left on base; Brockton 2 - Trois-Riveres 6 |
|